 Dungeon Sprint DCSS version 0.26.0-15-gc6cd9f7 (webtiles) character file.

Game seed: 14113631580108558829

84 Kalegnar the Poker (level 4, -7/35 HPs)
             Began as a Demonspawn Monk on Jan 20, 2021.
             Mangled by a killer bee (11 damage)
             ... in the Dungeon (Sprint IV: "Fedhas' Mad Dash").
             The game lasted 00:03:14 (1040 turns).

Kalegnar the Poker (Demonspawn Monk)                Turns: 1040, Time: 00:03:15

Health: -7/35      AC:  2    Str: 12    XL:     4   Next: 23%
Magic:  2/4        EV: 13    Int: 11    God:
Gold:   87         SH:  0    Dex: 16    Spells: 3/3 levels left

rFire    . . .     SeeInvis .   a - +0 spear
rCold    . . .     Faith    .   (no shield)
rNeg     . . .     Spirit   .   b - +0 robe
rPois    .         Reflect  .   (helmet restricted)
rElec    .         Harm     .   (no cloak)
rCorr    .         Rampage  .   (no gloves)
Will     .....     NoTele   +   (no boots)
Stlth    ++........             c - amulet of invisibility {+Inv}
HPRegen  0.11/turn              (no ring)
MPRegen  0.09/turn              (no ring)

@: lethally poisoned (-7 -> -10), very slightly contaminated, invisible
A: horns 1, powered by death 1
a: Evoke Invisibility


You were in the Dungeon.
You visited 1 branch You collected 87 gold pieces.

Inventory:

Hand Weapons
 a - a +0 spear (weapon)
Armour
 b - a +0 robe (worn)
Jewellery
 c - the amulet of invisibility (around neck) {+Inv}
   (You found it in the Dungeon)

   [amulet of nothing]

   It lets you turn invisible.
Scrolls
 g - a scroll of identify {unknown}
 h - a scroll of blinking
Potions
 d - a potion of heal wounds
 e - a potion of haste
 f - 2 potions of magic


   Skills:
 - Level 3.0 Fighting
 + Level 7.8 Polearms
 - Level 2.6 Dodging
 - Level 1.7 Stealth
 + Level 2.3 Evocations


You had 3 spell levels left.
You didn't know any spells.
Your spell library was empty.

Dungeon Overview and Level Annotations

Branches:
Dungeon (1/1)

Altars:


Innate Abilities, Weirdness & Mutations

You have a pair of small horns on your head.
You regenerate a little health from kills.


Message History

The killer bee buzzes angrily.
The killer bee misses you. The killer bee barely misses you.
The killer bee closely misses you.
The killer bee buzzes angrily.
You hit the killer bee but do no damage.
The killer bee is moderately wounded.
The killer bee stings you.
* * * LOW HITPOINT WARNING * * *
The killer bee misses you.
You closely miss the killer bee. Your headbutt misses the killer bee.
The killer bee is moderately wounded.
You feel sick.
The killer bee buzzes angrily.
The killer bee closely misses you. x2; The killer bee misses you.
You catch the helpless killer bee completely off-guard!
You hit the killer bee. You headbutt the killer bee.
The killer bee is heavily wounded.
The killer bee misses you. The killer bee barely misses you.
The killer bee stings you!
You die...

##################
#<..P#.....#.....#
#PP..'.....'.#...+
#PPPP#.....#.#y@.#
###############y##
♣......y.'.y.#
y....♣.....#.y.#
.y. ♣..♣..###### +
#+#####


You could see a queen bee (wandering) and 3 killer bees.

Vanquished Creatures
  2 oklob saplings (D)
  A worker ant (D)
  A river rat (D)
  A rat (D)
5 creatures vanquished.

Notes
Turn   | Place    | Note
-------+----------+-------------------------------------------
     0 | D        | Kalegnar the Demonspawn Monk began the quest for the Orb.
     0 | D        | Reached XP level 1. HP: 18/18 MP: 1/1
    34 | D        | Reached skill level 4 in Polearms
    34 | D        | Gained mutation: You regenerate a little health from kills.
                  | [demonic ancestry]
    34 | D        | Reached XP level 2. HP: 5/24 MP: 2/2
    42 | D        | Noticed an oklob sapling
   787 | D        | Killed an oklob sapling
   788 | D        | Reached skill level 6 in Polearms
   788 | D        | Reached XP level 3. HP: 29/29 MP: 3/3
   791 | D        | Found the amulet of invisibility {+Inv}
   806 | D        | Reached skill level 7 in Polearms
   977 | D        | Noticed an oklob sapling
   987 | D        | Killed an oklob sapling
   988 | D        | Gained mutation: You have a pair of small horns on your
                  | head. [demonic ancestry]
   988 | D        | Reached XP level 4. HP: 35/35 MP: 1/4
  1019 | D        | Noticed a queen bee
  1040 | D        | Mangled by a killer bee

Illustrated notes

Levels and vault maps discovered:
D:        dungeon_sprint_fedhas [sprint_temple]

Skill      XL: |  1  2  3 |
---------------+----------+-----
Polearms       | 4 6 7 |  7.8
Evocations     | 2 |  2.3
Fighting       | |  3.0
Dodging        | |  2.6
Stealth        | |  1.7

Action                   |  1- 3 |  4- 6 || total
-------------------------+-------+-------++-------
Melee: Spear             |    51 |    13 ||    64
       Headbutt          |       |     2 ||     2
 Abil: Evoke Invisibilit |     1 |     1 ||     2
  Use: Potion            |     2 |       ||     2
 Stab: Sleeping          |     1 |       ||     1
       Distracted        |     1 |       ||     1
       Invisible         |       |     3 ||     3
Armor: Robe              |     3 |     1 ||     4
Dodge: Dodged            |    20 |    30 ||    50
